 Dungeon Crawl Stone Soup version 0.28.0 (webtiles) character file.

Game seed: 6769014028228330028

65698 dolemite99 the Blocker (level 14, -2/126 HPs)
             Began as a Demonspawn Gladiator on Feb 17, 2022.
             Was a Plaything of Xom.
             Slain by a meliai (7 damage)
             ... on level 1 of the Spider Nest.
             The game lasted 00:45:32 (24754 turns).

dolemite99 the Blocker (Demonspawn Gladiator)      Turns: 24754, Time: 00:45:32

Health: -2/126     AC: 25    Str: 25 (26) XL:     14   Next: 76%
Magic:  14/14      EV:  8    Int: 10 (11) God:    Xom [..*...]
Gold:   93         SH: 17    Dex: 11      Spells: 13/13 levels left

rFire   + . .      SeeInvis +   a - +0 rapier (freeze)
rCold   + . .      Faith    .   B - +1 kite shield {rN+}
rNeg    + . .      Spirit   .   F - +9 chain mail "Vaish" {rPois Will++ Dex-4 SInv}
rPois   +          Reflect  +   c - +2 helmet
rElec   .          Harm     .   u - +0 cloak
rCorr   .          Rampage  .   s - +0 pair of gloves
Will    +++..                   (no boots)
Stlth   ..........              e - amulet of reflection
HPRegen 1.11/turn               C - ring "Luicvooj" {Fly rC+ Str+6}
MPRegen 0.14/turn               x - +4 ring of protection {=R}

@: corroded, flying, unable to read
A: molten scales 2, demonic guardian 1, powered by pain 3, robust 1, weakness
stinger 2, hooves 1, see invisible, deterioration 1, fire resistance 1, sense
surroundings 1, regeneration 1, strong 1, wild magic 3, evolution 1, inability
to read while threatened
a: Renounce Religion


You were on level 1 of the Spider Nest.
You worshipped Xom.
You were a toy of Xom.
You visited 5 branches of the dungeon, and saw 23 of its levels.

You collected 2134 gold pieces.
You spent 2041 gold pieces at shops.

Inventory:

Hand Weapons
 a - a +0 rapier of freezing (weapon)
 b - a +2 hunting sling of flaming
 v - a +1 scimitar of electrocution
 Q - a +2 dagger of venom
Missiles
 d - 4 throwing nets (quivered)
 h - 722 stones
 i - 451 bolts
 q - 7 sling bullets
 t - 16 boomerangs
 H - 5 javelins
 J - 23 poisoned darts
 L - 7 silver javelins
 R - 2 curare-tipped darts
Armour
 c - a +2 helmet (worn)
 s - a +0 pair of gloves (worn)
 u - a +0 cloak (worn)
 B - a +1 kite shield of positive energy (worn)
 F - the +9 chain mail "Vaish" (worn) {rPois Will++ Dex-4 SInv}
   (You bought it in a shop on level 2 of the Orcish Mines)

   Dex:       It affects your dexterity (-4).
   rPois:     It protects you from poison.
   SInv:      It lets you see invisible.
   Will:      It greatly increases your willpower.
Jewellery
 e - an amulet of reflection (around neck)
 l - the ring "Usyabuax" {rElec Str+6}
   (You acquired it on level 8 of the Dungeon)

   [ring of strength]

   Str:       It affects your strength (+6).
   rElec:     It insulates you from electricity.
 n - a ring of willpower
 x - a +4 ring of protection (right hand) {=R}
 y - a ring of resist corrosion
 C - the ring "Luicvooj" (left hand) {Fly rC+ Str+6}
   (You acquired it on level 8 of the Dungeon)

   [ring of flight]

   Str:       It affects your strength (+6).
   rC:        It protects you from cold.
   Fly:       It grants you flight.
 S - an amulet of guardian spirit
 V - a +6 ring of dexterity
 Y - a ring of fire
Wands
 N - a wand of polymorph (5)
 T - a wand of flame (9)
Scrolls
 w - 4 scrolls of fog
 z - a scroll of vulnerability
 D - 3 scrolls of teleportation
 G - a scroll of identify {@r1}
 O - 2 scrolls of fear
 Z - 2 scrolls of silence
Potions
 k - 8 potions of curing
 m - 2 potions of brilliance
 o - 4 potions of ambrosia
 p - a potion of might
 r - a potion of haste
 E - 2 potions of flight
 I - a potion of magic
 K - 5 potions of lignification
Miscellaneous
 f - a piece from Xom's chessboard (12/15)
 g - a lightning rod (inert)
 X - a tin of tremorstones (inert)


   Skills:
 - Level 12.0 Fighting
 - Level 11.3 Short Blades
 + Level 9.6(9.7) Slings
 - Level 1.7(6.3) Throwing
 - Level 10.0 Armour
 - Level 2.6 Dodging
 - Level 12.0 Shields
 - Level 7.0 Evocations


You had 13 spell levels left.
You didn't know any spells.
Your spell library contained the following spells:

 Spells                   Type           Power      Damage    Failure   Level
 Animate Skeleton         Necr           0%         N/A       99%         1
 Apportation              Tloc           0%         N/A       99%         1
 Shock                    Conj/Air       0%         1d3       99%         1
 Summon Small Mammal      Summ           0%         N/A       99%         1
 Corpse Rot               Necr/Air       0%         N/A       100%        2
 Passwall                 Tmut/Erth      0%         N/A       100%        2
 Poisonous Vapours        Pois/Air       0%         N/A       100%        2
 Scorch                   Fire           0%         2d5       100%        2
 Call Canine Familiar     Summ           0%         N/A       100%        3
 Confusing Touch          Hex            0%         N/A       100%        3
 Dazzling Flash           Conj/Hex       0%         N/A       100%        3
 Portal Projectile        Hex/Tloc       0%         N/A       100%        3
 Swiftness                Air            0%         N/A       100%        3
 Tukima's Dance           Hex            0%         N/A       100%        3
 Vampiric Draining        Necr           0%         2d6       100%        3
 Airstrike                Air            0%         N/A       100%        4
 Anguish                  Hex/Necr       0%         N/A       100%        4
 Flame Wave               Conj/Fire      0%         2d4       100%        4
 Iskenderun's Mystic Bla  Conj/Tloc      0%         2d3       100%        4
 Leda's Liquefaction      Hex/Erth       0%         N/A       100%        4
 Petrify                  Tmut/Erth      0%         N/A       100%        4
 Metabolic Englaciation   Hex/Ice        0%         N/A       100%        5
 Yara's Violent Unravell  Hex/Tmut       0%         3d3       100%        5
 Starburst                Conj/Fire      0%         6d3       100%        6
 Statue Form              Tmut/Erth      0%         N/A       100%        6
 Summon Cactus Giant      Summ           0%         N/A       100%        6
 Enfeeble                 Hex            0%         N/A       100%        7
 Borgnjor's Revivificati  Necr           0%         N/A       100%        8


Dungeon Overview and Level Annotations

Branches:
Dungeon (15/15)            Temple (1/1) D:4            Lair (4/6) D:11
 Shoals (0/4) Lair:2       Spider (1/4) Lair:4          Orc (2/2) D:10
    Elf (0/3) Orc:2        Vaults (0/5) D:13         Depths (0/4) D:15

Altars:
Ashenzari
Cheibriados
Dithmenos
Elyvilon
Fedhas
Gozag
Hepliaklqana
Kikubaaqudgha
Makhleb
Nemelex Xobeh
Okawaru
Qazlal
Ru
Sif Muna
Trog
Uskayaw
Vehumet
Wu Jian
Xom
Yredelemnul
Zin
The Shining One

Shops:
D:8 **   D:9 [   Orc:2 =*[[?

Portals:
Trove: D:12 (give horn of Geryon)

Annotations:
D:10 exclusion: downstairs
D:11 exclusion: downstairs
D:12 Rupert
D:15 1 runed translucent door, Jussuw Iff's ghost, adept KoGl
Abyss:1 Harold


Innate Abilities, Weirdness & Mutations

You are mostly covered in molten scales. (AC +3)
A weak demonic guardian rushes to your aid.
You are powered by pain.
You are robust. (+10% HP)
You have a tail ending in a sharp stinger.
You have large cloven feet.
You have supernaturally acute eyesight. (SInv)
Your body sometimes deteriorates upon taking damage.
Your flesh is heat resistant. (rF+)
You passively map a small area around you.
Your natural rate of healing is unusually fast.
Your muscles are strong. (Str +2)
Your spells are much harder to cast, but much more powerful.
You have hidden genetic potential.
You sometimes lose the ability to read scrolls when taking damage.


Message History

Your ice devil hits the meliai.
Your ice devil freezes the meliai!
Your magical effects are unravelling.
You feel magically purged.
You feel yourself slow down.
You flicker back into view.
You feel a little less agile now.
You are no longer corroded.
The meliai calls upon its god to heal the meliai.
The meliai is healed somewhat.
The meliai invokes the aid of its god against you.
Something smites you!
* * * LOW HITPOINT WARNING * * *
The entropy weaver gestures at you while chanting.
The entropic weave corrodes you!
The meliai hits your ice devil with a +0 war axe!
Your ice devil dies!
Your ice devil disappears in a puff of smoke!
Your white imp gestures at the meliai.
The puff of frost hits the meliai.
You block the meliai's attack. x2
The meliai hits you but does no damage. You block the meliai's attack.
The meliai hits you but does no damage.
The meliai hits your white imp with a +0 war axe!
Your white imp dies!
Your white imp disappears in a puff of smoke!
The meliai stings you but does no damage.
You feel better.
The meliai mumbles some strange prayers to its god against you.
Something smites you!
* * * LOW HITPOINT WARNING * * *
You block the meliai's attack.
The meliai stings you but does no damage.
You block the meliai's attack.
The meliai stings you but does no damage.
The meliai calls upon its god to heal the meliai.
The meliai is healed somewhat.
The entropy weaver points at you and mumbles some strange words.
The entropic weave corrodes you!
The meliai calls upon its god to heal the meliai.
The meliai is healed somewhat.
The meliai barely misses you. The meliai stings you!
You die...
Xom bursts into laughter!

** , *#...###...## *
###....#....#####
#.##..##..###...# ,
#..#..#.<##.#.>## * ## ,
,#..#..#..#..#..## , #.#.
#..#.......##...###
#>..####.§....#.##..^.#.# ,
#...#..##y..#####.......# #
,#..(#..#wy@##..#.......##
.. *
#..#..#.yB....#........#
#..#
##...##s>§.......^######
.....#.s..)s...y###..#.....#
, #.........#.^...#..#....##
#.^..y#######^[.####.....#
###.........#......#.....#
....#......####....###..##
*#....##..#### ,###### ####


You could see an entropy weaver, a steelbarb worm, a wolf spider, a redback
(slow) and 4 meliai.

Vanquished Creatures
  An orc warlord (Orc:2)
  An ice dragon (D:13)
  Fannar (Lair:1)
  5 hydras
  5 boulder beetles
  Erolcha (Orc:1)
  4 centaur warriors
  A catoblepas (D:11)
  An anaconda (D:13)
  A two-headed ogre (D:13)
  A death knight (D:13)
  2 tengu warriors (D:13)
  Urug (D:10)
  Sonja (D:11)
  A flayed ghost (D:13)
  A wizard (D:15)
  A swamp dragon (shapeshifter) (D:11)
  2 orc knights (Orc:2)
  2 wolf spider zombies (D:15)
  3 deep elf pyromancers
  A manticore (D:15)
  2 orc sorcerers
  2 cyclopes
  A wolf spider (Spider:1)
  8 ugly things
  A merfolk siren (Lair:2)
  Maurice (D:11)
  A black mamba (Lair:1)
  4 elephants
  Joseph (D:9)
  2 cane toads
  A gargoyle (D:11)
  4 komodo dragons
  A centaur skeleton (D:15)
  A demonic crawler (Spider:1)
  2 tengu conjurers
  2 freezing wraiths
  A kobold demonologist (D:10)
  A yaktaur (D:15)
  A harpy zombie (D:15)
  8 meliai
  2 polar bears
  A troll (Orc:2)
  2 hornets
  A hornet (shapeshifter) (D:12)
  15 slime creatures
  A meliai zombie (D:15)
  10 centaur simulacra
  A shadow (D:13)
  A water elemental (D:11)
  35 yaks
  12 fire bats
  2 wyverns (Lair:4)
  7 wraiths
  A golden eye (shapeshifter) (D:13)
  2 basilisks
  7 vampire mosquitoes
  A warg (Orc:2)
  A swamp worm (D:14)
  An acid dragon (D:9)
  10 water moccasins
  2 meliai simulacra (D:11)
  2 ice beasts
  29 orc warriors
  A sky beast (D:8)
  A hornet zombie (D:15)
  3 boggarts
  5 ogres
  7 centaurs
  14 wolves
  2 kobold brigands
  A phantom (D:4)
  A wyvern zombie (D:8)
  9 bullfrogs
  2 gnoll sergeants
  2 scorpions
  A water moccasin skeleton (D:4)
  9 killer bees
  2 wights (D:8)
  4 electric eels
  8 howler monkeys
  6 centaur zombies
  A gnoll shaman (Orc:1)
  A hound (D:6)
  2 jellies
  11 orc priests
  2 bullfrog skeletons
  A scorpion zombie (D:5)
  2 iguanas
  18 orc wizards
  2 killer bee zombies (D:6)
  4 howler monkey zombies
  12 gnolls
  7 adders
  A white imp (D:11)
  2 ufetubi
  4 worms
  3 dart slugs
  73 orcs
  12 ball pythons
  6 endoplasms
  3 giant cockroaches
  6 hobgoblins
  A quokka (D:2)
  71 bats
  5 frilled lizards
  7 goblins
  14 kobolds
  11 rats
588 creatures vanquished.

Vanquished Creatures (collateral kills)
  A boulder beetle (D:14)
  A necromancer (D:15)
  A cyclops (D:11)
  An orc sorcerer (D:15)
  A cane toad (D:11)
  A centaur skeleton (D:15)
  A polar bear (D:11)
  A tarantella (Spider:1)
  3 orc warriors (Orc:2)
  A wolf (D:11)
  2 centaurs
  An electric eel (Lair:1)
  An orc (Orc:1)
16 creatures vanquished.

Vanquished Creatures (others)
  A deep elf pyromancer (D:15)
  An elephant (shapeshifter) (D:11)
  2 fungi
  10 plants
14 creatures vanquished.

Grand Total: 618 creatures vanquished

Notes
Turn   | Place    | Note
-------+----------+-------------------------------------------
     0 | D:1      | dolemite99 the Demonspawn Gladiator began the quest for the
                  | Orb.
     0 | D:1      | Reached XP level 1. HP: 16/16 MP: 1/1
    43 | D:1      | Found a faded altar of an unknown god.
    55 | D:1      | Prayed at the altar of an unknown god.
    55 | D:1      | Became a worshipper of Xom the Psychotic
    75 | D:1      | XOM: silly message
   292 | D:1      | XOM: divination: magic mapping
   295 | D:1      | Gained mutation: You sometimes gain a little power by
                  | taking damage. [demonic ancestry]
   295 | D:1      | Reached XP level 2. HP: 22/22 MP: 2/2
   416 | D:1      | XOM: cloud trail
   537 | D:1      | XOM: god gift: red potion {god gift}
   817 | D:1      | XOM: scenery: summon butterflies
  1096 | D:1      | XOM: divination: magic mapping
  1131 | D:1      | XOM: scenery: create altars
  1198 | D:1      | XOM: god gift: scroll labelled UNUPEB DERGH {god gift}
  1411 | D:2      | Gained mutation: You are partially covered in molten
                  | scales. (AC +2) [demonic ancestry]
  1411 | D:2      | Reached XP level 3. HP: 26/27 MP: 3/3
  1523 | D:2      | XOM: god gift: 51 gold pieces
  1605 | D:2      | XOM: cloud trail
  1680 | D:2      | XOM: give mutations
  1680 | D:2      | Gained mutation: Your mind is acute. (Int +2) [Xom's grace]
  1680 | D:2      | Gained mutation: You have a somewhat thin skeletal
                  | structure. (Dex +2, Stealth+) [Xom's grace]
  1680 | D:2      | Gained mutation: You have sharp toenails. [Xom's grace]
  1680 | D:2      | Gained mutation: You have razor-sharp toenails. [Xom's
                  | grace]
  1979 | D:2      | Gained mutation: You sometimes gain power by taking damage.
                  | [demonic ancestry]
  1979 | D:2      | Reached XP level 4. HP: 32/33 MP: 4/4
  2325 | D:3      | XOM: noise
  2660 | D:3      | XOM: enchant monster (good)
  2716 | D:3      | XOM: give mutations
  2716 | D:3      | Gained mutation: Your natural rate of healing is unusually
                  | fast. [Xom's grace]
  2716 | D:3      | Gained mutation: Your spells are a little harder to cast,
                  | but a little more powerful. [Xom's grace]
  2716 | D:3      | Gained mutation: Your spells are harder to cast, but more
                  | powerful. [Xom's grace]
  2716 | D:3      | Gained mutation: You expend magic power (3 MP) to
                  | strengthen your wands. [Xom's grace]
  2780 | D:3      | XOM: give mutations
  2780 | D:3      | Gained mutation: You passively map a small area around you.
                  | [Xom's grace]
  2780 | D:3      | Gained mutation: You have supernaturally acute eyesight.
                  | (SInv) [Xom's grace]
  2780 | D:3      | Gained mutation: Your muscles are strong. (Str +2) [Xom's
                  | grace]
  2877 | D:4      | Reached skill level 5 in Short Blades
  2909 | D:4      | Noticed an ogre
  2915 | D:4      | Killed an ogre
  2916 | D:4      | Gained mutation: You have a small tail. [demonic ancestry]
  2916 | D:4      | Reached XP level 5. HP: 26/38 MP: 5/5
  2956 | D:4      | Noticed a phantom
  2957 | D:4      | XOM: noise
  2964 | D:4      | Killed a phantom
  2965 | D:4      | Gained mutation: You are powered by pain. [demonic
                  | ancestry]
  2965 | D:4      | Reached XP level 6. HP: 44/44 MP: 6/6
  3077 | D:4      | XOM: enchant monster (bad)
  3078 | D:4      | XOM: noise
  3239 | D:4      | Found a staircase to the Ecumenical Temple.
  3248 | Temple   | Entered the Ecumenical Temple
  3450 | D:5      | Entered Level 5 of the Dungeon
  3522 | D:5      | XOM: chaos cloud
  3573 | D:5      | Noticed an ice beast
  3591 | D:5      | Killed an ice beast
  3592 | D:5      | Gained mutation: You have a tail ending in a sharp stinger.
                  | [demonic ancestry]
  3592 | D:5      | Reached XP level 7. HP: 43/50 MP: 7/7
  3872 | D:6      | XOM: summons 1 hostile shadow creature
  4102 | D:6      | XOM: smoke on damage
  4169 | D:6      | Reached XP level 8. HP: 20/56 MP: 8/8
  4334 | D:6      | XOM: silly message
  4345 | D:6      | XOM: polymorph orc wizard -> wolf
  4561 | D:6      | XOM: god gift: great mace {god gift}
  4790 | D:6      | Reached skill level 10 in Short Blades
  4842 | D:6      | XOM: cloud trail
  4989 | D:6      | XOM: scenery: summon butterflies
  5053 | D:7      | Reached skill level 1 in Shields
  5110 | D:7      | Noticed Harold
  5111 | D:7      | XOM: destruction
  5128 | D:7      | XOM: silly message
  5148 | D:7      | Banished Harold
  5149 | D:7      | Reached XP level 9. HP: 35/61 MP: 9/9
  5149 | D:7      | XOM: enchant monster (good)
  5721 | D:8      | XOM: confuse monster(s)
  5729 | D:8      | Identified a scroll of acquirement
  5729 | D:8      | Acquired the ring "Usyabuax" {rElec Str+6}
  5740 | D:8      | XOM: stat loss: -1 Int (12/13)
  5760 | D:8      | Acquired the ring "Luicvooj" {Fly rC+ Str+6}
  5772 | D:8      | XOM: enchant monster (bad)
  6019 | D:8      | Found Waegioz's Specific Store.
  6022 | D:8      | Found Uvarimo's General Store.
  6029 | D:8      | Bought a scroll of teleportation for 33 gold pieces
  6029 | D:8      | Bought a +2 hunting sling of flaming for 161 gold pieces
  6033 | D:8      | Bought a potion of haste for 160 gold pieces
  6095 | D:8      | Found a stormy altar of Qazlal.
  6216 | D:8      | Found Needaph's Changing Room.
  6362 | D:8      | XOM: torment (36/62 hp)
  6447 | D:9      | XOM: give mutations
  6447 | D:9      | Lost mutation: You have a somewhat thin skeletal structure.
                  | (Dex +2, Stealth+) [Xom's mischief]
  6447 | D:9      | Lost mutation: You expend magic power (3 MP) to strengthen
                  | your wands. [Xom's mischief]
  6447 | D:9      | Lost mutation: Your mind is acute. (Int +2) [Xom's
                  | mischief]
  6519 | D:9      | Found Goxtopn's Antique Armour Emporium.
  6535 | D:9      | XOM: give mutation
  6535 | D:9      | Gained mutation: You sometimes lose the ability to read
                  | scrolls when taking damage. [Xom's mischief]
  6556 | D:9      | XOM: polymorph orc warrior -> water moccasin
  6570 | D:9      | Gained mutation: A weak demonic guardian rushes to your
                  | aid. [demonic ancestry]
  6570 | D:9      | Reached XP level 10. HP: 71/71 MP: 10/10
  6573 | D:9      | XOM: give mutations
  6573 | D:9      | Gained mutation: You are somewhat resistant to further
                  | mutation. [Xom's grace]
  6573 | D:9      | Gained mutation: Your spells are much harder to cast, but
                  | much more powerful. [Xom's grace]
  6855 | D:9      | Identified the +2 ring mail of Honour {rCorr Str+4 Dex+3
                  | Stlth+}
  6858 | D:9      | XOM: enchant monster (good)
  6891 | D:9      | XOM: divination: detect items
  6904 | D:9      | XOM: confusion
  7163 | D:9      | Noticed Joseph
  7173 | D:9      | XOM: cleaving
  7188 | D:9      | Killed Joseph
  7189 | D:9      | Reached skill level 5 in Fighting
  7243 | D:10     | Entered Level 10 of the Dungeon
  7304 | D:10     | XOM: summons friendly ufetubus
  7309 | D:10     | XOM: cast spell 'Olgreb's Toxic Radiance'
  7310 | D:10     | Noticed Urug
  7326 | D:9      | Reached skill level 1 in Evocations
  7492 | D:10     | XOM: silly message
  7511 | D:10     | XOM: divination: detect creatures
  7549 | D:10     | XOM: cleaving
  7567 | D:10     | XOM: fog
  7583 | D:10     | XOM: potion effect (haste)
  7623 | D:9      | XOM: silly message
  7712 | D:10     | XOM: summons 6 friendly demons
  7748 | D:10     | Found an ornate altar of the Wu Jian Council.
  7849 | D:10     | XOM is BORED!
  7865 | D:10     | XOM: 5-stop teleportation journey
  7887 | D:10     | Noticed a soul eater
  7923 | D:10     | Found a staircase to the Orcish Mines.
  7936 | D:10     | XOM: enchant monster (good)
  7940 | D:10     | Killed Urug
  8337 | D:10     | XOM: cloud trail
  8353 | D:11     | Noticed a brown ugly thing
  8583 | D:11     | Noticed a cyclops
  8631 | D:10     | Reached skill level 5 in Slings
  8672 | D:11     | XOM: divination: magic mapping
  9091 | D:11     | XOM: summons 4 friendly demons
  9107 | D:11     | Killed a cyclops
  9108 | D:11     | Reached XP level 11. HP: 68/80 MP: 11/11
  9178 | D:11     | XOM: enchant monster (bad)
  9182 | D:11     | XOM: enchant monster (good)
  9184 | D:11     | Reached skill level 1 in Armour
  9552 | D:11     | XOM: fog
  9641 | D:11     | Found a staircase to the Lair.
  9679 | D:11     | XOM: divination: detect creatures
  9708 | D:11     | Noticed Maurice
  9714 | D:11     | XOM: noise
  9726 | D:11     | Killed Maurice
  9930 | D:11     | XOM: potion effect (berserk rage)
 10018 | D:11     | Noticed Sonja
 10020 | D:11     | XOM: summons friendly quasit
 10021 | D:11     | Killed Sonja
 10022 | D:11     | Reached skill level 5 in Armour
 10072 | D:11     | Noticed a boulder beetle
 10082 | D:11     | Killed a boulder beetle
 10083 | D:11     | XOM: enchant monster (good)
 10107 | D:11     | Noticed a death knight
 10127 | D:11     | XOM: enchant monster (bad)
 10136 | D:11     | Noticed a swamp dragon
 10136 | D:11     | a rime drake changed into a swamp dragon
 10151 | D:11     | XOM: enchant monster (bad)
 10157 | D:11     | Killed a swamp dragon
 10346 | D:11     | XOM: 4-stop teleportation journey
 10372 | D:11     | XOM: enchant monster (bad)
 10582 | D:11     | Noticed a catoblepas
 10584 | D:11     | XOM: stat loss: -1 Int (10/11)
 10627 | D:11     | Killed a catoblepas
 10676 | D:11     | Killed a brown ugly thing
 10769 | D:11     | XOM: noise
 10860 | D:11     | XOM: give mutation
 10860 | D:11     | Gained mutation: Your body sometimes deteriorates upon
                  | taking damage. [Xom's mischief]
 10887 | D:11     | XOM: noise
 10891 | D:11     | XOM: scenery: summon butterflies
 10893 | D:11     | XOM: fake destruction
 10921 | D:11     | XOM: summons 4 hostile shadow creatures
 10922 | D:11     | Noticed a two-headed ogre
 10996 | D:11     | a death knight changed into a slime creature
 10996 | D:11     | XOM: polymorph death knight -> slime creature
 11468 | Lair:1   | Entered Level 1 of the Lair of Beasts
 11493 | Lair:1   | XOM: blink monster(s)
 11556 | Lair:1   | Reached XP level 12. HP: 84/87 MP: 12/12
 11562 | Lair:1   | XOM: noise
 11573 | Lair:1   | XOM: swap monsters
 11890 | D:11     | XOM: cloud trail
 12285 | Lair:1   | XOM: summons friendly quasit
 12313 | Lair:1   | XOM: cloud trail
 12406 | Lair:1   | Noticed Fannar
 12427 | Lair:1   | XOM: confuse monster(s)
 12429 | Lair:1   | Killed Fannar
 12480 | Lair:1   | Found a shimmering altar of Xom.
 12495 | Lair:1   | XOM: god gift: 25 gold pieces
 12587 | D:9      | Bought a glowing scarf for 176 gold pieces
 12766 | Lair:1   | XOM: give mutation
 12766 | Lair:1   | Lost mutation: You are somewhat resistant to further
                  | mutation. [Xom's grace]
 12766 | Lair:1   | Gained mutation: You have hidden genetic potential. [Xom's
                  | grace]
 12849 | Lair:1   | XOM: god gift: 57 gold pieces
 13104 | Lair:1   | XOM: silly message
 13237 | Lair:2   | Noticed a four-headed hydra
 13256 | Lair:2   | Killed a four-headed hydra
 13286 | Lair:2   | Noticed a boulder beetle
 13299 | Lair:2   | XOM: fog
 13307 | Lair:2   | Killed a boulder beetle
 13412 | Lair:2   | XOM: god gift: potion of ambrosia
 13660 | Lair:2   | Reached skill level 10 in Fighting
 13712 | Lair:2   | XOM: scenery: summon butterflies
 13729 | Lair:2   | XOM: 2-stop teleportation journey
 14017 | Lair:2   | Found a staircase to the Shoals.
 14170 | Lair:3   | XOM: swap monsters
 14239 | Lair:3   | XOM: potion effect (haste)
 14246 | Lair:3   | XOM: potion effect (berserk rage)
 14259 | Lair:3   | XOM: potion effect (invisibility)
 14553 | Lair:3   | XOM: silly message
 14584 | Lair:3   | Identified the +7 spear of Abomination {vorpal, +Blink
                  | rPois Will+ Str+2}
 14698 | Lair:3   | XOM: noise
 14796 | Lair:3   | XOM: potion effect (curing)
 14815 | Lair:3   | XOM: smoke on damage
 14817 | Lair:3   | XOM: silly message
 14819 | Lair:3   | Reached skill level 10 in Shields
 14868 | Lair:3   | XOM is BORED!
 14868 | Lair:3   | XOM: noise
 15151 | Lair:4   | Noticed a seven-headed hydra
 15165 | Lair:4   | Killed a seven-headed hydra
 15189 | Lair:4   | Noticed a six-headed hydra
 15196 | Lair:4   | Killed a six-headed hydra
 15197 | Lair:4   | Gained mutation: You are robust. (+10% HP) [demonic
                  | ancestry]
 15197 | Lair:4   | Reached XP level 13. HP: 85/113 MP: 13/13
 15529 | Lair:4   | Found a hole to the Spider Nest.
 15993 | D:8      | Bought a tin of tremorstones (2/2) for 440 gold pieces
 16073 | D:11     | XOM: silly message
 16089 | D:12     | Found a portal to a secret trove of treasure.
 16091 | D:12     | XOM: confusion (+ monsters)
 16166 | D:12     | Noticed Rupert
 16498 | D:12     | Reached skill level 5 in Evocations
 16631 | D:12     | XOM: 1-stop teleportation journey
 16670 | D:12     | Gained mutation: Your flesh is heat resistant. (rF+)
                  | [hidden potential]
 16999 | Orc:1    | Entered Level 1 of the Orcish Mines
 17246 | Orc:1    | XOM: divination: magic mapping
 17448 | Orc:1    | Found a bloodstained altar of Trog.
 17570 | Orc:2    | Entered Level 2 of the Orcish Mines
 17586 | Orc:2    | Noticed an orc warlord
 17591 | Orc:2    | Noticed Erolcha
 17594 | Orc:2    | XOM: potion effect (haste)
 17595 | Orc:2    | XOM: enchant monster (good)
 17605 | Orc:1    | Killed Erolcha
 17639 | Orc:2    | Found a staircase to the Elven Halls.
 17911 | Orc:2    | Killed an orc warlord
 18157 | Orc:2    | XOM: noise
 18225 | Orc:2    | Found Qitof's Jewellery Emporium.
 18448 | Orc:2    | XOM: scenery: create altars
 18457 | Orc:2    | XOM: cast spell 'Summon Horrible Things'
 18534 | Orc:2    | Found Zotiriul's General Store.
 18535 | Orc:2    | Found Veqoacin's Armour Shoppe.
 18535 | Orc:2    | Found Ygoduddo's Antique Armour Shop.
 18544 | Orc:2    | Found Bocvawis's Magic Scroll Emporium.
 18611 | Orc:2    | Reached skill level 10 in Armour
 18775 | Orc:2    | XOM: cloud trail
 18999 | Orc:1    | XOM: divination: detect creatures
 19171 | Orc:2    | Bought the +9 chain mail "Vaish" {rPois Will++ Dex-4 SInv}
                  | for 843 gold pieces
 19674 | D:12     | XOM is BORED!
 19674 | D:12     | XOM: stat loss: -1 Int (10/11)
 19964 | D:13     | XOM: 4-stop teleportation journey
 20037 | D:13     | XOM: give mutation
 20037 | D:13     | Gained mutation: You heal very quickly. [Xom's grace]
 20048 | D:13     | Identified the +8 plate armour of Knowledge {Slay+5}
 20099 | D:13     | XOM: cleaving
 20148 | D:13     | XOM: destruction
 20181 | D:13     | XOM: confuse monster(s)
 20306 | D:13     | XOM: scenery: summon butterflies
 20308 | D:13     | XOM: god gift: plate armour {god gift}
 20401 | D:13     | Found a gate to the Vaults.
 20608 | D:13     | XOM: smoke on damage
 20685 | D:13     | Found a shadowy altar of Dithmenos.
 20685 | D:13     | XOM: 4-stop teleportation journey
 20745 | D:13     | Found a snail-covered altar of Cheibriados.
 20832 | D:13     | XOM: 1-stop teleportation journey
 20935 | D:12     | XOM: 8-stop teleportation journey
 20991 | D:12     | XOM: polymorph slime creature -> elephant
 21035 | D:12     | Gained mutation: You are mostly covered in molten scales.
                  | (AC +3) [demonic ancestry]
 21035 | D:12     | Reached XP level 14. HP: 118/124 MP: 14/14
 21110 | D:14     | XOM: polymorph boggart -> centaur
 21303 | D:14     | XOM: confuse monster(s)
 21322 | D:14     | XOM: polymorph wizard -> swamp worm
 21325 | D:14     | XOM: confuse monster(s)
 21506 | D:13     | XOM: give mutation
 21506 | D:13     | Lost mutation: You have razor-sharp toenails. [Xom's grace]
 21506 | D:13     | Lost mutation: You have sharp toenails. [Xom's grace]
 21506 | D:13     | Gained mutation: You have large cloven feet. [Xom's grace]
 21521 | D:14     | Gained mutation: You have great hidden genetic potential.
                  | [hidden potential]
 21521 | D:14     | Lost mutation: You have great hidden genetic potential.
                  | [hidden potential expressed]
 21711 | D:14     | XOM: divination: detect items
 21798 | D:14     | XOM: potion effect (haste)
 22063 | D:14     | Found a snail-covered altar of Cheibriados.
 22065 | D:14     | Found an ancient bone altar of Kikubaaqudgha.
 22067 | D:14     | Found a shimmering altar of Xom.
 22067 | D:14     | Found a shimmering altar of Xom.
 22464 | D:13     | XOM: polymorph slime creature -> anaconda
 22638 | D:13     | Found a burning altar of Makhleb.
 22641 | D:13     | Found a runed translucent door.
 22642 | D:13     | XOM: silly message
 22689 | D:13     | Found a blossoming altar of Fedhas.
 22705 | D:13     | Found an opulent altar of Gozag.
 22725 | D:13     | XOM: smoke on damage
 22752 | D:13     | Found a burning altar of Makhleb.
 22925 | D:13     | Got Leucvaco's Almanac of the Rocks and Dark Arts
 23090 | D:14     | XOM is BORED!
 23090 | D:14     | XOM: noise
 23116 | D:15     | XOM: stealth player
 23116 | D:15     | Entered Level 15 of the Dungeon
 23169 | D:15     | XOM: enchant monster (good)
 23197 | D:15     | XOM: summons 7 friendly demons
 23224 | D:15     | XOM: 3-stop teleportation journey
 23243 | D:15     | XOM: noise
 23252 | D:15     | XOM: enchant monster (good)
 23254 | D:15     | XOM: butterfly on damage
 23260 | D:15     | XOM: polymorph butterfly -> bat
 23489 | D:15     | XOM: fog
 23669 | D:15     | Found a runed translucent door.
 23669 | D:15     | Noticed Jussuw Iff's ghost (adept KoGl)
 23885 | D:15     | XOM: silly message
 23950 | D:15     | XOM: 2-stop teleportation journey
 23971 | D:15     | XOM: fake destruction
 23991 | D:15     | XOM: torment (71/126 hp)
 23996 | D:15     | XOM: 2-stop teleportation journey
 24010 | D:15     | XOM: scenery: 1 doors open
 24115 | D:15     | Found a staircase to the Depths.
 24144 | D:15     | XOM: give mutation
 24144 | D:15     | Lost mutation: You heal very quickly. [Xom's mischief]
 24438 | Orc:2    | Bought a translucent kite shield for 228 gold pieces
 24438 | Orc:2    | Identified the +0 kite shield of Deassode {-Cast rCorr
                  | Dex+2 Stlth+} (You bought it in a shop on level 2 of the
                  | Orcish Mines)
 24607 | Spider:1 | Entered Level 1 of the Spider Nest
 24720 | Spider:1 | XOM: confuse monster(s)
 24729 | Spider:1 | XOM: silly message
 24739 | Spider:1 | XOM: confuse monster(s)
 24754 | Spider:1 | HP: 5/126 [meliai/divine providence (12)]
 24754 | Spider:1 | Slain by a meliai

Illustrated notes

Levels and vault maps discovered:
D:1:      lemuel_arrival_behind_the_door_large, layout_basic,
          hellmonk_ecumenical_altar_zigzags
D:2:      layout_basic
D:3:      layout_basic
D:4:      layout_gridville, temple_hall
D:5:      layout_cave_pools, mainiacjoe_overflow_alcove_2,
          chequers_serial_rivers_micro_d
D:6:      layout_basic, st_stairs_12
D:7:      layout_loops_ring, uniq_harold
D:8:      layout_basic, grunt_temple_overflow_open, nicolae_specific_store,
          nicolae_transmutations_shop, minmay_misc_feat_tiny
D:9:      layout_basic, serial_shops, shop, kennysheep_flooded_box, uniq_joseph
D:10:     layout_loops_cross, mainiacjoe_overflow_paths, orc_0_dummy,
          chequers_avenue, uniq_urug
D:11:     minmay_blocky_corners, layout_long_grid, lair_entry_dummy,
          portal_ice_cave_entry_pillars_1, serial_ice, serial_ice_f,
          serial_ice_i, serial_ice_b, serial_ice_d, uniq_maurice, uniq_sonja
D:12:     layout_rooms, nicolae_trove_entry_free_sample, uniq_rupert
D:13:     due_megacathedral, layout_cave_pods, david_vaults_4
D:14:     layout_loops_cross, doesnt_xom_only_xom, elyvilon_altar_5
D:15:     grunt_enter_depths_magical_seal, layout_loops_cross,
          grunt_decor_arrowhead, hellmonk_ghost_happy_afterlife,
          nicolae_yredelemnul_corpse_copse
Temple:   regret_index_temple_mists
Lair:1:   layout_regular_city, serial_bayou, serial_bayou_pond_d,
          serial_bayou_lagoon_a, serial_bayou_pond_d, serial_bayou_pond_a,
          enter_volcano_2, basic_altar, serial_bayou_shore_b, uniq_fannar
Lair:2:   layout_loops_ring, minmay_shoals_entry_lonely_mermaid
Lair:3:   layout_roguey, infiniplex_staircase_pool
Lair:4:   layout_roguey, hellmonk_spider_entry_not_the_bees, lemuel_fruit_tree,
          grunt_megastairs_3
Spider:1: layout_spider_delve, nicolae_spider_spiderdrome
Orc:1:    layout_caves, basic_altar, nicolae_orc_lava_room
Orc:2:    st_orc_rangers, layout_caves, gauntlet_entry_generic, serial_shops,
          shop, mines2_lemuel, uniq_erolcha

Skill      XL: |  1  2  3  4  5  6  7  8  9 10 11 12 13 14 |
---------------+-------------------------------------------+-----
Short Blades   | 3 4 5 6 7 9 10 11 | 11.3
Shields        | 6 8 10 12 | 12.0
Fighting       | 3 5 10 11 12 | 12.0
Evocations     | 4 7 |  7.0
Slings         | 6 9 |  9.6
Armour         | 8 9 10 | 10.0
Throwing       | |  1.7
Dodging        | |  2.6

Action                   |  1- 3 |  4- 6 |  7- 9 | 10-12 | 13-15 || total
-------------------------+-------+-------+-------+-------+-------++-------
Melee: Rapier            |   131 |     1 |    24 |   528 |   817 ||  1501
       Kick              |     5 |    30 |    56 |   201 |   315 ||   607
       Dagger            |       |    98 |   193 |       |       ||   291
       Tailslap          |       |     8 |    26 |   107 |   159 ||   300
 Fire: Hunting sling     |       |       |    38 |   267 |   582 ||   887
Throw: Javelin           |       |    18 |    23 |       |       ||    41
       Throwing net      |       |       |     1 |       |     1 ||     2
       Dart              |       |       |       |       |     5 ||     5
Evoke: Wand              |       |       |       |    29 |       ||    29
       Lightning rod     |       |       |       |     4 |     9 ||    13
       Tin of tremorston |       |       |       |       |     5 ||     5
       Piece from Xom's  |       |       |       |       |     4 ||     4
  Use: Scroll            |     3 |     8 |     8 |     6 |     5 ||    30
       Potion            |       |       |       |     4 |    13 ||    17
 Stab: Sleeping          |     3 |     2 |       |       |       ||     5
       Paralysed         |       |       |     1 |     5 |       ||     6
       Confused          |       |       |     1 |       |     4 ||     5
       Distracted        |       |       |       |     1 |     1 ||     2
       Petrifying        |       |       |       |       |     2 ||     2
       Petrified         |       |       |       |       |     5 ||     5
Armor: Leather armour    |     2 |       |       |       |       ||     2
       Ring mail         |    35 |    22 |    10 |       |       ||    67
       Chain mail        |       |       |    33 |   193 |   590 ||   816
       Scale mail        |       |       |       |    52 |    46 ||    98
       Plate armour      |       |       |       |       |    66 ||    66
Dodge: Dodged            |    46 |    30 |    31 |   161 |   333 ||   601
Block: Other             |    20 |     3 |       |       |       ||    23
       Buckler           |       |    24 |     4 |       |       ||    28
       Kite shield       |       |       |   135 |   548 |  1240 ||  1923
       Reflection        |       |       |     8 |    13 |    62 ||    83
